 Dungeon Crawl Stone Soup version 0.21-a0-267-ga5fc350 (webtiles) character file.

30 Chiseanne the Gusty (level 3, 26/26 HPs)
             Began as a Demonspawn Wanderer on Sept 13, 2017.
             Quit the game on level 1 of the Dungeon.
             The game lasted 00:03:22 (1816 turns).

Chiseanne the Gusty (Demonspawn Wanderer)           Turns: 1816, Time: 00:03:22

Health: 26/26      AC:  2    Str: 11    XL:     3   Next: 3%
Magic:  4/4        EV: 12    Int: 15    God:
Gold:   27         SH:  0    Dex: 12    Spells: 2/4 levels left

rFire    . . .     SeeInvis .   s - +0 short sword
rCold    . . .     Gourm    .   (no shield)
rNeg     . . .     Faith    .   c - +0 robe
rPois    .         Spirit   .   (helmet restricted)
rElec    .         Reflect  .   (no cloak)
rCorr    .         Harm     .   (no gloves)
MR       .....                  (no boots)
Stlth    ++........             (no amulet)
HPRegen  0.08/turn              (no ring)
MPRegen  0.09/turn              (no ring)

@: no status effects
A: antennae 1, powered by pain 1
a: no special abilities


You were on level 1 of the Dungeon.
You were hungry.

You visited 1 branch of the dungeon, and saw 2 of its levels.

You collected 27 gold pieces.

Inventory:

Hand Weapons
 d - a +0 dagger
 s - a +0 short sword (weapon)
Missiles
 g - 34 stones (quivered)
 k - 34 sling bullets
 l - 12 poisoned needles
Armour
 c - a +0 robe (worn)
Scrolls
 e - 2 scrolls of teleportation {unknown}
 i - a scroll of identify {unknown}
Potions
 j - a potion of heal wounds {unknown}
 m - a potion of magic {unknown}
Books
 a - a book of Air

   Spells                             Type                      Level
   a - Shock                          Conjuration/Air              1
   b - Swiftness                      Charms/Air                   2
   c - Static Discharge               Conjuration/Air              3
   d - Airstrike                      Air                          4
   e - Lightning Bolt                 Conjuration/Air              5
 b - the Almanac of Fire

   Spells                             Type                      Level
   a - Flame Tongue                   Conjuration/Fire             1
   b - Ignite Poison                  Fire/Transmutation/Poison    3
Comestibles
 f - a bread ration
 h - a meat ration


   Skills:
 * Level 1.2 Fighting
   Level 1.0 Polearms
 * Level 1.6 Dodging
 - Level 1.0 Stealth
   Level 1.0 Shields
 * Level 1.0 Spellcasting
 * Level 0.8 Conjurations
 - Level 1.7 Fire Magic
 - Level 2.6 Air Magic
   Level 1.0 Evocations


You had 2 spell levels left.
You knew the following spells:

 Your Spells              Type           Power        Failure   Level  Hunger
a - Shock                 Conj/Air       #...         12%         1    ##.....
b - Flame Tongue          Conj/Fire      #....        14%         1    ##.....


Dungeon Overview and Level Annotations

Branches:
Dungeon (2/15)

Altars:
Cheibriados


Innate Abilities, Weirdness & Mutations

You have a pair of small antennae on your head.
You sometimes gain a little power by taking damage.


Message History

The leopard gecko is almost dead.
Casting: Shock
Confirm with . or Enter, or press ? or * to list all spells.
Aiming: Flame Tongue
Press: ? - help, Shift-Dir - straight line, f/p - leopard gecko
Aim: a leopard gecko (almost dead)
The flame tongue misses the leopard gecko.
The leopard gecko closely misses you.
Unknown command.
You barely miss the leopard gecko.
The leopard gecko is almost dead.
The leopard gecko barely misses you.
You hit the leopard gecko.
You kill the leopard gecko!
You have reached level 3!
Your experience leads to an increase in your attributes!
Increase (S)trength, (I)ntelligence, or (D)exterity?
You feel clever.
Your demonic ancestry asserts itself...
A pair of antennae grows on your head!
Are you sure you want to abandon this character and quit the game? (Confirm with "yes".)

#...........# #.#########.# #.#
#.# #.# #.# ##### ###.# #.#
...... ..[.# #.# .......######
######### #.# ..............
#.......#####.####..........[....
................@'...............
#.#####+#####..###...............
#..........##..# ##............
#..........##..# ####.#####......
#..........##..# #....##.........
#..........##..###....##.........
#.#####.#####.........##.........
#.# #...............##.........
#.# #..........................


There were no monsters in sight!

Vanquished Creatures
  2 oozes
  A leopard gecko (D:1)
  A ball python (D:2)
  3 hobgoblins (D:1)
  A bat (D:1)
  A frilled lizard (D:1)
  6 goblins
  4 kobolds
19 creatures vanquished.

Notes
Turn   | Place    | Note
-------+----------+-------------------------------------------
     0 | D:1      | Chiseanne the Demonspawn Wanderer began the quest for the Orb.
     0 | D:1      | Chiseanne set off with: a book of Air, the Almanac of Fire, a +0 robe, a +0 dagger, a bread ration
     0 | D:1      | Reached XP level 1. HP: 13/13 MP: 1/1
     1 | D:1      | Identified the Almanac of Fire
   150 | D:2      | Gained mutation: You sometimes gain a little power by taking damage. [demonic ancestry]
   150 | D:2      | Reached XP level 2. HP: 1/20 MP: 1/3
   465 | D:2      | Learned a level 1 spell: Shock
   638 | D:1      | Found a snail-covered altar of Cheibriados.
   971 | D:1      | Reached skill level 1 in Fighting
   971 | D:1      | Reached skill level 1 in Spellcasting
  1166 | D:1      | Learned a level 1 spell: Flame Tongue
  1776 | D:1      | Gained mutation: You have a pair of small antennae on your head. [demonic ancestry]
  1776 | D:1      | Reached XP level 3. HP: 26/26 MP: 0/4
  1816 | D:1      | Quit the game

Vault maps used:
D:1:      eino_arrival_druids_welcome, cheibriados_altar_1
D:2:      minivault_4, minmay_fountain_box

Skill      XL: |  1  2 |
---------------+-------+-----
Fighting       | 1 |  1.2
Spellcasting   | 1 |  1.0
Polearms       | |  1.0
Dodging        | |  1.6
Stealth        | |  1.0
Shields        | |  1.0
Conjurations   | |  0.8
Fire Magic     | |  1.7
Air Magic      | |  2.6
Evocations     | |  1.0

Action                   || total
-------------------------++-------
Melee: Dagger            ||    39
       Short sword       ||    17
 Cast: Shock             ||    22
       Flame Tongue      ||     2
 Stab: Sleeping          ||     1
  Eat: Chunk             ||     3
Armor: Robe              ||     4
Dodge: Dodged            ||    39

Table legend:
 A = Spawn XP
 B = Non-spawn XP
 C = Spawn XP percentage of total XP
 D = Spawn monster count
 E = Non-spawn monster count
 F = Spawn count percentage of total count
 G = Total turns spent on level
                    A         B        C        D         E        F      G
               +---------+---------+-------+---------+---------+-------+---------
         Total |       0 |      43 |   0.0 |       0 |      19 |   0.0 |  1816
               +---------+---------+-------+---------+---------+-------+---------
           D:1 |       0 |      29 |   0.0 |       0 |      14 |   0.0 |  1331
           D:2 |       0 |      14 |   0.0 |       0 |       5 |   0.0 |   485
               +---------+---------+-------+---------+---------+-------+---------
